 Dungeon Crawl Stone Soup version bcrawl-1.36.1 (webtiles) character file.

Game seed: 8172985111713713631

12607762 Morbidden the Unseen (level 20, -1/122 HPs)
             Began as a Twilight Stalker Archaeologist on May 15, 2022.
             Was the Champion of Cheibriados.
             Shot with an arrow by a deep elf archer (24 damage)
             ... led by an ironheart preserver
             ... on level 2 of the Vaults on May 17, 2022.
             The game lasted 01:06:42 (31630 turns).

Morbidden the Unseen (VSAc)                        Turns: 31630, Time: 01:06:43

Health: -1/122     AC: 27    Str: 40    XL:     20   Next: 63%
Magic:  36/36      EV: 26    Int: 34    God:    Cheibriados [******]
Gold:   1764       SH: 26    Dex: 37    Spells: 20/41 levels left

rFire    . . .     SeeInvis .   b - +5 demon blade (elec)
rCold    . . .     Gourm    .   E - +0 medium shield
rNeg     + + +     Faith    .   h - +4 chain mail "Dymurel" {rPois rN+++ Str+2}
rPois    +         Spirit   .   d - +1 hat
rElec    .         Reflect  .   N - +0 cloak "Zitwuif" {Dex+4 Slay+3}
rCorr    .         Clarity  +   W - +2 pair of gloves
MR       ++...                  p - +2 pair of boots
Stlth    +++++++++.             A - amulet of regeneration
HPRegen  1.78/turn              s - +6 ring of strength
MPRegen  0.25/turn              H - +3 ring of protection

@: marked, very slightly contaminated, studying 2 skills, very slow
A: fangs 3, agile 1, blurry vision 2, nightstalker 3, poison resistance,
regeneration 1, strong 1, no potion heal 3, rot immunity, draining bite, strong
jaws, assimilated armour
}: 2/15 runes: decaying, gossamer
a: Bend Time, Defer, Temporal Distortion, Step From Time, Renounce Religion


You were on level 2 of the Vaults.
You worshipped Cheibriados.
Cheibriados was exalted by your worship.
You were hungry.

You visited 7 branches of the dungeon, and saw 30 of its levels.
You visited 1 bazaar.
You also visited: Gauntlet and Ice Cave.

You collected 5120 gold pieces.
You spent 3356 gold pieces at shops.

Inventory:

Hand Weapons
 a - a +5 dagger of venom
 b - a +5 demon blade of electrocution (weapon)
 i - a +2 double sword of holy wrath
 z - a +0 blowgun
Missiles
 f - 35 curare-tipped needles
 m - 212 poisoned tomahawks (quivered)
 n - 217 javelins
 t - 122 exploding tomahawks
 u - 4 throwing nets {=f}
 G - 399 steel javelins
Armour
 d - a +1 hat (worn)
 h - the +4 chain mail "Dymurel" (worn) {rPois rN+++ Str+2}
   (You acquired it on level 3 of the Dungeon)

   It affects your strength (+2).
   It protects you from poison.
   It renders you almost immune to negative energy.
 p - a +2 pair of boots (worn)
 E - a +0 medium shield (worn)
 N - the +0 cloak "Zitwuif" (worn) {Dex+4 Slay+3}
   (You found it in a Gauntlet)

   It affects your dexterity (+4).
   It affects your accuracy and damage with ranged weapons and melee attacks
   (+3).
 W - a +2 pair of gloves (worn)
Jewellery
 s - a +6 ring of strength (left hand)
 A - an amulet of regeneration (around neck)
 F - an uncursed ring of insulation
 H - a +3 ring of protection (right hand)
 K - the amulet "Gatu" {Gourm rElec Str+2}
   (You found it in a Gauntlet)

   [amulet of the gourmand]

   It allows you to eat raw meat even when not hungry.
   It affects your strength (+2).
   It insulates you from electricity.
 L - an uncursed ring of protection from cold
 R - an uncursed ring of stealth
 Z - an uncursed ring of magical power
Wands
 j - a wand of digging (2)
 r - a wand of iceblast (19)
 y - a wand of scattershot (1)
 C - a wand of acid (26)
 P - a wand of disintegration (33)
 U - a wand of paralysis (9)
Scrolls
 g - 5 scrolls of magic mapping
 l - 12 scrolls of remove curse
 o - 6 scrolls of blinking
 w - a scroll of enchant armour
 S - a scroll of vulnerability
 T - a scroll of teleportation
 X - 4 scrolls of fear
 Y - 3 scrolls of fog
Potions
 c - a potion of cancellation
 k - 3 potions of flight
 q - 5 potions of ambrosia
 v - 7 potions of curing
 x - 7 potions of mutation
 D - 2 potions of invisibility
 J - 4 potions of resistance
 M - 2 potions of might
 V - a potion of agility
Miscellaneous
 B - 3 phantom mirrors
 I - a lightning rod (4/4)
 O - a sack of spiders
 Q - a lamp of fire
Comestibles
 e - 61 rations {!d}


   Skills:
 * Level 12.0 Fighting
 * Level 11.3(12.8) Short Blades
 * Level 10.0(12.1) Long Blades
   Level 2.0 Maces & Flails
 * Level 5.5 Throwing
 + Level 8.0 Armour
 * Level 12.1 Dodging
 + Level 16.5 Stealth
 * Level 12.7 Shields
 * Level 11.1 Spellcasting
 * Level 6.9 Conjurations
 + Level 3.2 Hexes
 + Level 2.4 Summonings
 * Level 3.5 Translocations
 * Level 6.7 Fire Magic
 * Level 4.0 Air Magic
 * Level 6.6 Earth Magic
 * Level 10.6 Invocations
 + Level 3.7 Evocations


You had 20 spell levels left.
You knew the following spells:

 Your Spells              Type           Power        Failure   Level  Hunger
a - Bolt of Magma         Conj/Fire/Erth ######....   47%         5    ###....
b - Summon Mana Viper     Hex/Summ       #####...     95%         5    ###....
c - Airstrike             Air            #####.....   52%         4    None
d - Controlled Blink      Tloc           #####...     100%        7    ######.

Your spell library contained the following spells:

 Spells                   Type           Power        Failure   Level  Hunger
 Magic Dart               Conj           ####         1%          1    None
 Shock                    Conj/Air       #####        3%          1    None
 Throw Frost              Conj/Ice       #####.       4%          2    None
 Conjure Flame            Conj/Fire      ######..     6%          3    None
 Apportation              Tloc           #####.       8%          1    None
 Blink Other              Tloc           #####.       8%          1    None
 Sting                    Conj/Pois      ####         8%          1    None
 Corona                   Hex            #####..      9%          1    None
 Blink                    Tloc           N/A          12%         2    None
 Flaming Arrows           Chrm/Fire      #####...     12%         2    None
 Passwall                 Tmut/Erth      #####...     12%         2    None
 Dazzling Orbs            Conj/Hex       ######.      12%         3    None
 Inner Flame              Hex/Fire       N/A          12%         3    None
 Call Imp                 Summ           #####.       19%         2    None
 Static Discharge         Air            #####...     19%         3    None
 Swiftness                Chrm/Air       ####....     22%         2    None
 Beckoning                Tloc           #####.....   22%         3    None
 Mephitic Cloud           Conj/Pois/Air  #####...     22%         3    None
 Portal Projectile        Tloc           #####.       22%         3    None
 Teleport Other           Tloc           #####...     22%         3    None
 Ensorcelled Hibernation  Hex/Ice        ####..       26%         2    None
 Confuse                  Hex            #####...     26%         3    None
 Tukima's Dance           Hex            #####...     26%         3    None
 Recall                   Summ/Tloc      N/A          28%         3    None
 Freeze                   Ice            ###...       32%         1    None
 Infusion                 Chrm           ###.....     32%         1    None
 Call Canine Familiar     Summ           #####...     34%         3    None
 Sticks to Snakes         Tmut           ###.....     43%         2    None
 Force Lance              Tloc           #####...     58%         4    None
 Throw Icicle             Conj/Ice       #####...     58%         4    None
 Cause Fear               Hex            #####.....   63%         4    None
 Ozocubu's Armour         Chrm/Ice       ###.....     67%         3    None
 Spider Form              Tmut/Pois      ###          67%         3    None
 Lightning Bolt           Conj/Air       ######....   67%         5    ###....
 Summon Ice Beast         Ice/Summ       ####....     89%         4    None
 Passage of Golubria      Tloc           N/A          91%         5    ###....
 Summon Forest            Summ/Tloc      #####.....   95%         5    ###....
 Ice Form                 Ice/Tmut       ###.....     97%         4    None
 Summon Demon             Summ           #####.....   97%         5    ###....
 Aura of Abjuration       Summ           #####.....   100%        6    #####..
 Borgnjor's Vile Clutch   Necr/Erth      #####.....   100%        6    #####..
 Darkness                 Hex            #####.....   100%        6    #####..
 Death Channel            Chrm/Necr      ###.......   100%        6    #####..
 Deflect Missiles         Chrm/Air       ####......   100%        6    #####..
 Dispersal                Tloc           #####.....   100%        6    #####..
 Infestation              Hex/Tmut/Pois  ####.....    100%        6    #####..
 Statue Form              Tmut/Erth      #####....    100%        6    #####..
 Summon Hydra             Summ           #####.....   100%        6    #####..
 Dragon Form              Tmut           ###....      100%        7    ######.
 Haunt                    Necr/Summ      ####......   100%        7    ######.
 Monstrous Menagerie      Summ           #####.....   100%        7    ######.
 Shadow Creatures         Summ           N/A          100%        7    ######.
 Borgnjor's Revivificati  Necr           ###.......   100%        8    #######
 Chain Lightning          Conj/Air       ######....   100%        8    #######
 Necromutation            Tmut/Necr      ###.....     100%        8    #######
 Time Stop                Chrm/Tloc      N/A          100%        8    #######


Dungeon Overview and Level Annotations

Branches:
Dungeon (12/12)            Temple (0/1) D:5            Lair (6/6) D:7
  Swamp (3/3) Lair:4       Spider (3/3) Lair:3        Slime (0/5) Lair:5
    Orc (1/1) D:8             Elf (3/3) Orc          Vaults (2/3) D:12
 Depths (0/5) D:12
  Crypt: Vaults:1-2

Altars:
Ashenzari
Cheibriados
Elyvilon
Hepliaklqana
Kikubaaqudgha
Lugonu
Okawaru
Ru
Sif Muna
Uskayaw
Vehumet
Wu Jian
Zin
The Shining One
Jiyva

Shops:
D:4 (   D:8 [(   D:11 *   Orc :[*(   Vaults:2 }

Portals:
Abyss: Lair:6

Annotations:
D:2 1 runed door
Lair:3 3 runed translucent doors, Huasawuy's ghost, journeyman TrWz
Elf:2 3 runed doors


Innate Abilities, Weirdness & Mutations

You have razor-sharp teeth.
You are completely attuned to the shadows.
Your natural rate of healing is unusually fast.
Potions cannot restore your health.
You are immune to rotting.
Your bite drains your enemy's life force.
Your bites deal extra damage.
Your stealth is less affected by armour.
You are agile. (Dex +2)
Scrolls take you longer to read.
Your system is resistant to poisons. (rPois)
Your muscles are strong. (Str +2)


Message History

You block the revenant's attack.
Blink to where?
Press: ? - help, Dir - move target cursor, f - you Are you sure you want to cancel this blink?
Blink to where?
Press: ? - help, Dir - move target cursor You are very lightly contaminated with residual magic.
As you read the scroll of blinking, it crumbles to dust.
No path to travel!
No path to travel!
No path to travel!
Really read with blurry vision while enemies are nearby?
The deep elf archer is engulfed in spectral mist.
The deep elf archer unwields a +0 dagger.
The deep elf archer wields a +0 longbow.
The deep elf archer shoots an arrow.
You block the arrow.
You begin reading the scroll.
You continue reading the scroll.
The deep elf archer is engulfed in spectral mist.
The deep elf archer shoots an arrow.
The arrow hits you!!
You die...

####'##### #
#......# e...
#####...##### e..#
'.###..###○e## ..#
#..##..##.)○z##).##
#......#..4§°e.).'.
#......'§.Zz☼z)).#.
#..##..##.§.4##..#
#.###..###..###.@#
## #.... #####....#
# ..... #......# #
######'# ## .. .#
.# .# ###


You could see a revenant, an ancient champion and a deep elf archer.

Vanquished Creatures
  Mara (Spider:3)
  Arachne (Spider:3)
  Saint Roka (Orc)
  The ghost of zoran the Warrior, an adept HOWr of Beogh (Elf:3)
  2 deep elf blademasters (Elf:3)
  2 deep elf master archers (Elf:3)
  2 thorn hunters
  Donald (Elf:2)
  A frost giant (Vaults:2)
  An orc warlord (Orc)
  5 deep elf sorcerers
  5 vault wardens
  4 ghost moths
  5 emperor scorpions (Spider:3)
  3 ironheart preservers
  6 deep elf elementalists
  2 very ugly things (IceCv)
  7 deep elf demonologists
  3 entropy weavers
  A minotaur (Gauntlet)
  A deep elf annihilator (Elf:3)
  An eidolon (Vaults:2)
  Snorg (Lair:5)
  6 deep elf death magi
  A fire dragon (D:12)
  A yaktaur captain (Vaults:1)
  2 deep elf high priests (Elf:3)
  3 vault guards (Vaults:1)
  Fannar (Lair:1)
  Harold (Lair:1)
  3 ghost crabs
  An ice dragon (D:12)
  15 hydras
  2 shambling mangroves
  An ogre mage (Vaults:1)
  A great orb of eyes (Vaults:2)
  3 death knights
  An anaconda (Lair:5)
  10 alligators
  5 two-headed ogres
  16 dancing weapons
  2 tengu warriors (D:10)
  3 death yaks (D:7)
  A deep troll shaman (Vaults:1)
  2 orc high priests
  10 deep elf knights
  3 thrashing horrors (Lair:6)
  4 deep trolls
  8 centaur warriors
  Nergalle (Lair:1)
  Sonja (D:10)
  A fire crab (Lair:6)
  2 skeletal warriors
  A death drake (Gauntlet)
  An unseen horror (D:11)
  16 swamp dragons
  A spriggan druid (Swamp:2)
  5 wizards
  A flayed ghost (Vaults:2)
  18 deep elf archers
  2 orange crystal statues
  2 wolf spider zombies
  7 ironheart convokers
  12 orc knights
  2 phantasmal warriors
  3 lindwurms (Swamp:3)
  Pikel (D:4)
  5 cyclopes
  A harpy (shapeshifter) (Lair:6)
  11 orb spiders
  43 deep elf magi
  3 orc sorcerers (Orc)
  A manticore (D:12)
  25 ugly things
  16 wolf spiders
  A manticore (shapeshifter) (Elf:3)
  A moth of wrath (Spider:2)
  2 elephants (Lair:6)
  5 vault sentinels
  4 will-o'-wisps (Swamp:1)
  Joseph (D:7)
  A smoke demon (Lair:6)
  7 ice statues
  4 black mambas
  2 gargoyles (D:10)
  A kobold demonologist (D:12)
  2 minotaur zombies (Gauntlet)
  A torpor snail (Spider:1)
  21 cane toads
  15 demonic crawlers
  9 komodo dragons
  3 freezing wraiths (Vaults:2)
  2 rime drakes (Lair:5)
  An anaconda simulacrum (IceCv)
  A komodo dragon (shapeshifter) (Lair:6)
  20 yaktaurs
  A golden dragon simulacrum (IceCv)
  An ice devil (Gauntlet)
  An ancient zyme (Lair:6)
  An eye of draining (D:9)
  Maurice (Orc)
  A harpy zombie (D:12)
  22 jumping spiders
  A queen bee (Lair:3)
  3 tyrant leeches
  14 trolls
  A raiju (shapeshifter) (Vaults:1)
  14 slime creatures
  18 hornets
  A slime creature (shapeshifter) (Vaults:2)
  Grinder (D:3)
  24 blink frogs
  3 bog bodies
  A spectral meliai (Gauntlet)
  A stone giant simulacrum (Vaults:2)
  A meliai zombie (D:11)
  8 harpy skeletons
  14 hippogriffs
  6 air elementals
  A shadow (D:10)
  49 yaks
  15 tarantellas
  6 spriggans
  3 water elementals
  A yak (shapeshifter) (Vaults:1)
  2 ynoxinuls (Lair:6)
  A dire elephant simulacrum (IceCv)
  39 redbacks
  3 wraiths
  4 fire elementals
  2 hungry ghosts
  2 chaos spawn (Lair:6)
  3 basilisks
  A steam dragon (Lair:6)
  7 vampire mosquitoes (Swamp:1)
  5 wargs
  12 swamp worms
  2 harpy simulacra (IceCv)
  An iron troll simulacrum (IceCv)
  12 crocodiles
  3 hydra simulacra (IceCv)
  An acid dragon (D:10)
  A spectral hornet (Gauntlet)
  6 water moccasins
  10 porcupines
  A soldier ant (shapeshifter) (Elf:2)
  12 swamp drakes
  3 sky beasts
  38 orc warriors
  A soldier ant (D:12)
  8 ice beasts
  A hornet zombie (D:10)
  6 phantoms
  A necrophage (D:6)
  5 ogres
  3 boggarts (Vaults:1)
  3 black bears
  3 large abominations (Lair:6)
  13 wolves
  3 big kobolds
  5 bullfrogs
  A gnoll sergeant (D:11)
  A glowing shapeshifter simulacrum (Vaults:2)
  A wyvern skeleton (D:7)
  An earth elemental (Elf:1)
  3 centaurs
  A water moccasin skeleton (D:4)
  2 scorpions
  24 killer bees (Lair:3)
  2 electric eels (Lair:4)
  8 orc priests
  3 howler monkeys (D:8)
  7 crimson imps
  A bullfrog zombie (D:7)
  2 quasits
  6 hounds
  2 bullfrog skeletons (D:7)
  3 jellies
  4 orc wizards
  A gnoll shaman (D:8)
  Jessica (D:3)
  5 iguanas
  10 worker ants
  7 small abominations (Lair:6)
  A hound skeleton (D:5)
  A worker ant zombie (D:10)
  10 gnolls
  A howler monkey skeleton (D:10)
  15 adders
  3 shadow imps
  3 white imps (Gauntlet)
  5 oozes
  An adder skeleton (D:7)
  4 worms
  5 dart slugs
  4 leopard geckos
  48 orcs
  2 ball pythons
  3 giant cockroaches
  6 goblins
  7 hobgoblins
  2 jackals (D:6)
  13 kobolds
  6 quokkas
  4 bats
  3 frilled lizards
  A quokka skeleton (D:3)
  3 rats (D:2)
  A plant (Gauntlet)
1134 creatures vanquished.

Vanquished Creatures (collateral kills)
  A deep elf demonologist (Elf:3)
  2 elephants (Lair:6)
  A hippogriff (Lair:6)
4 creatures vanquished.

Vanquished Creatures (others)
  An ironheart preserver (Vaults:2)
  A yak (Vaults:2)
  4 orcs
  13 bushes (D:12)
  32 fungi
  42 plants
93 creatures vanquished.

Grand Total: 1231 creatures vanquished

Notes
Turn   | Place    | Note
-------+----------+-------------------------------------------
     0 | D:1      | Morbidden the Vine Stalker Archaeologist began the quest
                  | for the Orb.
     0 | D:1      | Reached XP level 1. HP: 11/11 MP: 2/2
   216 | D:1      | Reached skill level 5 in Stealth
   216 | D:1      | Reached XP level 2. HP: 10/16 MP: 3/3
   548 | D:1      | Reached skill level 1 in Maces & Flails
   673 | D:1      | Reached XP level 3. HP: 20/20 MP: 4/4
  1017 | D:2      | Reached skill level 1 in Fighting
  1227 | D:2      | Found a runed door.
  1298 | D:2      | Found a snail-covered altar of Cheibriados.
  1326 | D:2      | Became a worshipper of Cheibriados the Contemplative
  1545 | D:2      | Reached XP level 4. HP: 23/25 MP: 5/5
  1735 | D:2      | Found a hide-covered altar of Uskayaw.
  2077 | D:3      | Noticed a phantom
  2115 | D:3      | Gained mutation: Scrolls take you a little longer to read.
                  | [potion of mutation]
  2115 | D:3      | Gained mutation: Your system is resistant to poisons.
                  | (rPois) [potion of mutation]
  2115 | D:3      | Gained mutation: You are agile. (Dex +2) [potion of
                  | mutation]
  2115 | D:3      | Gained mutation: Your muscles are strong. (Str +2) [potion
                  | of mutation]
  2191 | D:3      | Killed a phantom
  2192 | D:3      | Reached skill level 1 in Spellcasting
  2192 | D:3      | Reached XP level 5. HP: 25/31 MP: 5/7
  2192 | D:3      | Identified a scroll of acquirement
  2195 | D:3      | Identified the +4 chain mail "Dymurel" {rPois rN+++ Str+2}
                  | (You acquired it on level 3 of the Dungeon)
  2195 | D:3      | Identified the ring of Pymady {+Inv rN+ Dex+5} (You
                  | acquired it on level 3 of the Dungeon)
  2234 | D:3      | Noticed Grinder
  2257 | D:3      | Killed Grinder
  2258 | D:3      | Reached skill level 1 in Invocations
  2258 | D:3      | Gained mutation: You have razor-sharp teeth. [Vine Stalker
                  | growth]
  2258 | D:3      | Reached XP level 6. HP: 21/38 MP: 7/9
  2287 | D:3      | Found a shattered altar of Ashenzari.
  2311 | D:3      | Noticed Jessica
  2320 | D:3      | Killed Jessica
  2419 | D:3      | Reached * piety under Cheibriados
  2787 | D:4      | Reached XP level 7. HP: 34/43 MP: 10/10
  2989 | D:4      | Found Hilloyh's Antique Weapon Shop.
  3000 | D:4      | Reached skill level 5 in Fighting
  3097 | D:4      | Noticed Pikel
  3124 | D:4      | Killed Pikel
  3125 | D:4      | Reached skill level 1 in Short Blades
  3125 | D:4      | Reached skill level 1 in Armour
  3125 | D:4      | Reached skill level 5 in Dodging
  3125 | D:4      | Gained mutation: Your bite drains your enemy's life force.
                  | [Twilight Stalker growth]
  3125 | D:4      | Gained mutation: Your stealth is less affected by armour.
                  | [Twilight Stalker growth]
  3125 | D:4      | Gained mutation: You are slightly more attuned to the
                  | shadows. [Twilight Stalker growth]
  3125 | D:4      | Reached XP level 8. HP: 46/51 MP: 11/12
  3322 | D:4      | Found a radiant altar of Vehumet.
  3322 | D:4      | Found a hazy altar of Hepliaklqana.
  3364 | D:5      | Entered Level 5 of the Dungeon
  3385 | D:5      | Found a staircase to the Ecumenical Temple.
  3572 | D:5      | Reached ** piety under Cheibriados
  3966 | D:6      | Found a corrupted altar of Lugonu.
  3970 | D:6      | Reached XP level 9. HP: 50/57 MP: 14/14
  4101 | D:6      | Reached skill level 6 in Stealth
  4138 | D:6      | Found a glowing golden altar of the Shining One.
  4391 | D:6      | Noticed a troll
  4404 | D:6      | Killed a troll
  4687 | D:6      | Found a sacrificial altar of Ru.
  4820 | D:7      | Noticed a troll
  4821 | D:7      | Found an iron altar of Okawaru.
  4828 | D:7      | Killed a troll
  4832 | D:7      | Reached skill level 7 in Stealth
  4904 | D:7      | Noticed Joseph
  4916 | D:7      | Reached *** piety under Cheibriados
  4924 | D:7      | Killed Joseph
  5020 | D:7      | Noticed a troll
  5030 | D:7      | Killed a troll
  5031 | D:7      | Reached XP level 10. HP: 60/64 MP: 15/17
  5048 | D:7      | Found a glowing silver altar of Zin.
  5262 | D:7      | Reached skill level 8 in Stealth
  5310 | D:7      | Found a staircase to the Lair.
  5311 | D:7      | Noticed a death yak
  5311 | D:7      | Noticed a death yak
  5312 | D:7      | Noticed a death yak
  5325 | D:7      | Killed a death yak
  5336 | D:7      | Killed a death yak
  5337 | D:7      | Reached skill level 5 in Short Blades
  5340 | D:7      | Killed a death yak
  5453 | Lair:1   | Entered Level 1 of the Lair of Beasts
  5463 | Lair:1   | Noticed Fannar
  5468 | Lair:1   | Reached **** piety under Cheibriados
  5479 | Lair:1   | Killed Fannar
  5480 | Lair:1   | Reached skill level 9 in Stealth
  5480 | Lair:1   | Reached skill level 5 in Spellcasting
  5480 | Lair:1   | Reached XP level 11. HP: 27/69 MP: 19/19
  5601 | Lair:1   | Reached skill level 5 in Invocations
  5609 | Lair:1   | Noticed Harold
  5625 | Lair:1   | Killed Harold
  5866 | Lair:1   | Reached skill level 1 in Shields
  5918 | Lair:1   | Noticed Nergalle
  5924 | Lair:1   | Killed Nergalle
  6747 | Lair:2   | Reached skill level 5 in Armour
  6747 | Lair:2   | Reached skill level 10 in Stealth
  6749 | Lair:2   | Reached ***** piety under Cheibriados
  6780 | Lair:2   | Gained mutation: You are significantly more attuned to the
                  | shadows. [Twilight Stalker growth]
  6780 | Lair:2   | Reached XP level 12. HP: 75/75 MP: 21/21
  7167 | Lair:3   | Got a crude chain mail
  7185 | Lair:3   | Identified the cursed +0 chain mail of Ihoxtip {+Fly rPois}
                  | (You found it on level 3 of the Lair of Beasts)
  7249 | Lair:3   | Found a hole to the Spider Nest.
  7430 | Lair:3   | Found a runed translucent gate.
  7430 | Lair:3   | Found a runed translucent gate.
  7479 | Lair:3   | Reached skill level 11 in Stealth
  7699 | Lair:3   | Found a runed translucent gate.
  7738 | Lair:3   | Found an ornate altar of the Wu Jian Council.
  8013 | Lair:3   | Noticed Huasawuy's ghost (journeyman TrWz)
  8017 | Lair:3   | Noticed a minotaur
  8242 | Lair:4   | Noticed a four-headed hydra
  8249 | Lair:4   | Killed a four-headed hydra
  8606 | Lair:4   | Found a staircase to the Swamp.
  8613 | Lair:4   | Reached ****** piety under Cheibriados
  8843 | Lair:4   | Reached XP level 13. HP: 80/80 MP: 24/24
  9122 | Lair:5   | Noticed Snorg
  9137 | Lair:5   | Killed Snorg
  9138 | Lair:5   | Reached skill level 12 in Stealth
  9138 | Lair:5   | Reached skill level 5 in Shields
  9546 | Lair:5   | Found a runed door.
  9547 | Lair:5   | Found a viscous altar of Jiyva.
 10066 | Lair:5   | Found a staircase to the Slime Pits.
 10089 | Lair:6   | Entered Level 6 of the Lair of Beasts
 10188 | Lair:6   | Reached skill level 1 in Evocations
 10192 | Lair:6   | Found a gate leading to a gauntlet.
 10202 | Gauntlet | Entered a Gauntlet
 10202 | Gauntlet | Found a transporter.
 10202 | Gauntlet | Found a transporter.
 10214 | Gauntlet | Found a transporter.
 10245 | Gauntlet | Found a transporter.
 10264 | Gauntlet | Found a transporter.
 10264 | Gauntlet | Found a transporter.
 10283 | Gauntlet | Found a transporter.
 10309 | Gauntlet | Found a transporter.
 10349 | Gauntlet | Found a transporter.
 10357 | Gauntlet | Found a transporter.
 10380 | Gauntlet | Found a transporter.
 10388 | Gauntlet | Found a transporter.
 10478 | Gauntlet | Found a transporter.
 10486 | Gauntlet | Found a transporter.
 10509 | Gauntlet | Found a transporter.
 10516 | Gauntlet | Found a transporter.
 10784 | Gauntlet | Identified Sif Muna's Volume of Unholy Shape Shifting
 10835 | Gauntlet | Got a jewelled trident
 10891 | Gauntlet | Got a wavering lead amulet
 10896 | Gauntlet | Identified the amulet "Gatu" {Gourm rElec Str+2} (You found
                  | it in a Gauntlet)
 10898 | Gauntlet | Identified the Compendium of the Beggar (You acquired it in
                  | a Gauntlet)
 10918 | Gauntlet | Noticed a minotaur
 10927 | Gauntlet | Killed a minotaur
 10970 | Gauntlet | Got a scorched cloak
 11140 | Lair:6   | Reached XP level 14. HP: 87/87 MP: 26/26
 11344 | Lair:6   | Reached skill level 13 in Stealth
 11458 | Lair:6   | Identified the +0 cloak "Zitwuif" {Dex+4 Slay+3} (You found
                  | it in a Gauntlet)
 11628 | Lair:6   | Learned a level 5 spell: Summon Mana Viper
 11766 | Lair:6   | Reached skill level 1 in Hexes
 11776 | Lair:6   | Reached skill level 10 in Fighting
 11785 | Lair:6   | Found a corrupted altar of Lugonu.
 11786 | Lair:6   | Found a one-way gate to the infinite horrors of the Abyss.
 11800 | Lair:6   | Identified the Grimoire of the Traveller
 12137 | D:8      | Found Ganikhoe's Weapon Emporium.
 12139 | D:8      | Found a staircase to the Orcish Mines.
 12145 | D:8      | Found Furchous's Armour Emporium.
 12462 | D:8      | Found an ornate altar of the Wu Jian Council.
 13344 | D:8      | Found Ganikhoe's Weapon Emporium.
 13348 | D:8      | Found a staircase to the Orcish Mines.
 13351 | D:8      | Found Furchous's Armour Emporium.
 13357 | D:8      | Found an ornate altar of the Wu Jian Council.
 14513 | D:9      | Reached skill level 1 in Summonings
 14580 | D:9      | Found a white marble altar of Elyvilon.
 14879 | D:9      | Found a shimmering blue altar of Sif Muna.
 14995 | D:10     | Entered Level 10 of the Dungeon
 14995 | D:10     | Noticed Sonja
 14997 | D:10     | Killed Sonja
 15090 | Orc      | Entered the Orcish Mines
 15334 | D:10     | Reached skill level 14 in Stealth
 15675 | D:10     | Reached XP level 15. HP: 88/92 MP: 28/28
 16327 | D:11     | Found Loykuj's General Store.
 16821 | D:12     | Entered Level 12 of the Dungeon
 17033 | D:12     | Identified the Tome of Warped Heat
 17041 | D:12     | Learned a level 5 spell: Bolt of Magma
 17398 | D:12     | Reached skill level 1 in Earth Magic
 17453 | D:12     | Reached skill level 1 in Fire Magic
 17524 | D:12     | Found a staircase to the Depths.
 17572 | D:12     | Found a gate to the Vaults.
 17836 | Orc      | Found Leent's Book Shop.
 17836 | Orc      | Noticed an orc warlord
 17838 | Orc      | Noticed Saint Roka
 17861 | Orc      | Killed an orc warlord
 17942 | Orc      | Reached skill level 1 in Conjurations
 17942 | Orc      | Noticed Maurice
 17966 | Orc      | Killed Maurice
 18014 | Orc      | Found Leiheo's Antique Weapon Emporium.
 18026 | Orc      | Reached skill level 15 in Stealth
 18091 | Orc      | Found Aqioxt's General Store.
 18110 | Orc      | Reached skill level 10 in Dodging
 18268 | Orc      | Found a staircase to the Elven Halls.
 18366 | Orc      | Found Boamn's Antique Armour Emporium.
 18384 | Orc      | Bought an ichor-stained chain mail for 266 gold pieces
 18386 | Orc      | Identified the cursed +0 chain mail of Past Mistakes {rC+
                  | rN+++ Stlth-} (You bought it in a shop in the Orcish Mines)
 18434 | Orc      | Killed Saint Roka
 19090 | Spider:1 | Entered Level 1 of the Spider Nest
 19233 | Spider:1 | Killed a ghost moth
 19363 | Spider:1 | Gained mutation: You are completely attuned to the shadows.
                  | [Twilight Stalker growth]
 19363 | Spider:1 | Reached XP level 16. HP: 99/99 MP: 29/29
 21145 | Spider:3 | Entered Level 3 of the Spider Nest
 21159 | Spider:3 | Noticed Arachne
 21161 | Spider:3 | Killed Arachne
 21245 | Spider:3 | Noticed Mara
 21247 | Spider:3 | Noticed Morbidden's illusion
 21345 | Spider:3 | Reached skill level 10 in Short Blades
 21457 | Spider:3 | Noticed Morbidden's illusion
 21462 | Spider:3 | Killed Mara
 21463 | Spider:3 | Reached skill level 1 in Throwing
 21672 | Spider:3 | Reached skill level 10 in Shields
 21674 | Spider:3 | Reached skill level 1 in Long Blades
 21810 | Spider:3 | Reached XP level 17. HP: 101/104 MP: 31/31
 21983 | Spider:3 | HP: 5/104 [poisoned by a ghost moth]
 22319 | Spider:3 | Got a gossamer rune of Zot
 22600 | Swamp:1  | Entered Level 1 of the Swamp
 24330 | Swamp:3  | Entered Level 3 of the Swamp
 24539 | Swamp:3  | Reached skill level 5 in Earth Magic
 24609 | Swamp:3  | Reached XP level 18. HP: 55/110 MP: 32/32
 24630 | Swamp:3  | Reached skill level 10 in Spellcasting
 24739 | Swamp:3  | Got a decaying rune of Zot
 25232 | Swamp:3  | Reached skill level 5 in Fire Magic
 25595 | Elf:1    | Entered Level 1 of the Elven Halls
 25631 | Elf:1    | HP: 5/110 [deep elf knight/+0 long sword (10)]
 25660 | Elf:1    | Identified the +8 chain mail of Inaction {rC+ Int-5 Dex+2}
                  | (You acquired it on level 1 of the Elven Halls)
 25660 | Elf:1    | Identified Morbidden's Tome of Bewitchment (You acquired it
                  | on level 1 of the Elven Halls)
 25685 | Elf:1    | Reached skill level 5 in Conjurations
 25764 | Elf:1    | Reached skill level 10 in Invocations
 25824 | Elf:1    | Reached skill level 5 in Long Blades
 26017 | Elf:1    | Found an ancient bone altar of Kikubaaqudgha.
 26111 | Elf:1    | Learned a level 4 spell: Airstrike
 26659 | Elf:2    | Noticed Donald
 26671 | Elf:2    | Killed Donald
 26728 | Elf:2    | Reached skill level 1 in Air Magic
 26742 | Elf:2    | Found a runed gate.
 26743 | Elf:2    | Found a runed gate.
 26750 | Elf:2    | Found a runed gate.
 26858 | Elf:2    | Reached skill level 16 in Stealth
 27000 | Elf:3    | Entered Level 3 of the Elven Halls
 27010 | Elf:3    | Found a frozen archway.
 27031 | IceCv    | Entered an ice cave
 27652 | IceCv    | Learned a level 7 spell: Controlled Blink
 28138 | Elf:3    | Reached XP level 19. HP: 115/115 MP: 34/34
 28235 | Elf:3    | Found a runed translucent gate.
 28236 | Elf:3    | Found a runed translucent gate.
 28237 | Elf:3    | Found a runed translucent gate.
 28244 | Elf:3    | Noticed zoran's ghost (adept HOWr)
 28263 | Elf:3    | Killed zoran's ghost
 28266 | Elf:3    | Identified the +9 short sword of the Fray {flame, +Blink
                  | Str+7}
 28346 | Elf:3    | Reached skill level 1 in Translocations
 28348 | Elf:3    | Identified the cursed +0 ice dragon scales "Bucouf" {rPois
                  | rF- rC++}
 28472 | Elf:3    | Identified the +9 whip of Ucear {antimagic, rPois rC-
                  | Dex+3}
 28716 | Elf:3    | Identified the cursed +1 chain mail of Xatru {+Inv rPois
                  | Str-2}
 28719 | Elf:3    | Identified the cursed amulet "Tera" {Inacc Int+3}
 28725 | Elf:3    | Identified Noysteckedd's Reference Book on Unstable
                  | Confrontation
 28728 | Elf:3    | Identified the Guide on Ensnaring Transformation
 28730 | Elf:3    | Identified the Reference Book on the Helpful Compass
 28734 | Elf:3    | Identified Zoobam's Compendium of Freezing Dislocation
 29149 | Vaults:1 | Entered Level 1 of the Vaults
 29207 | Vaults:1 | Found a flickering gateway to a bazaar.
 29239 | Bazaar   | Entered a bazaar
 29246 | Bazaar   | Found Kaquisk's Book Shoppe.
 29261 | Bazaar   | Found Gotiwil's Book Boutique.
 29272 | Bazaar   | Found Voorhipo's Food Emporium.
 29280 | Bazaar   | Found Feleraec's Antique Weapon Shop.
 29287 | Bazaar   | Found Ilumev's Antique Weapon Shop.
 29319 | Bazaar   | Bought a manual of Shields for 1766 gold pieces
 29334 | Bazaar   | Bought a manual of Long Blades for 1324 gold pieces
 29945 | Vaults:1 | Reached skill level 5 in Throwing
 29956 | Vaults:1 | Reached XP level 20. HP: 108/121 MP: 35/35
 31416 | Vaults:2 | Found Dyaluan's Gadget Emporium.
 31593 | Vaults:2 | Reached skill level 10 in Long Blades
 31594 | Vaults:2 | Noticed a Shadow Fiend
 31607 | Vaults:2 | Gained mutation: Scrolls take you longer to read. [a
                  | cacodemon]
 31630 | Vaults:2 | Shot with an arrow by a deep elf archer

Skill      XL: |  1  2  3  4  5  6  7  8  9 10 11 12 13 14 15 16 17 18 19 20 |
---------------+-------------------------------------------------------------+-----
Stealth        | 5 7 9 10 11 12 14 15 16 | 16.5
Maces & Flails | 1 2 |  2.0
Dodging        | 4 5 6 7 8 9 10 11 12 | 12.1
Fighting       | 1 2 3 4 6 7 8 9 10 11 12 | 12.0
Spellcasting   | 1 2 3 4 5 6 7 8 9 10 11 | 11.1
Invocations    | 1 2 3 4 5 6 7 8 9 10 | 10.6
Short Blades   | 1 2 4 6 7 8 9 10 11 | 11.3
Armour         | 1 2 4 5 6 7 8 |  8.0
Shields        | 1 4 6 7 9 10 11 12 | 12.7
Evocations     | 2 3 |  3.7
Hexes          | 2 3 |  3.2
Summonings     | 1 2 |  2.4
Earth Magic    | 2 4 5 6 |  6.6
Fire Magic     | 2 3 4 5 6 |  6.7
Conjurations   | 2 3 4 5 6 |  6.9
Throwing       | 1 2 4 5 |  5.5
Long Blades    | 1 4 6 8 10 | 10.0
Air Magic      | 1 3 4 |  4.0
Translocations | 2 3 |  3.5

Action                   |  1- 3 |  4- 6 |  7- 9 | 10-12 | 13-15 | 16-18 | 19-21 || total
-------------------------+-------+-------+-------+-------+-------+-------+-------++-------
Melee: Whip              |   134 |    37 |       |       |       |       |       ||   171
       Bite              |    20 |    12 |    68 |   222 |   527 |   604 |   295 ||  1748
       Mace              |       |    31 |       |       |       |       |       ||    31
       Dagger            |       |     4 |   182 |   351 |   808 |   572 |    14 ||  1931
       Demon blade       |       |       |       |       |       |   487 |   490 ||   977
 Fire: Blowgun           |       |    90 |    44 |       |    16 |       |       ||   150
Throw: Tomahawk          |       |       |       |       |    14 |    40 |    16 ||    70
       Javelin           |       |       |       |       |     1 |    18 |    22 ||    41
Invok: Step From Time    |       |       |       |       |     2 |     1 |     3 ||     6
       Defer             |       |       |       |       |       |     1 |       ||     1
Evoke: Lamp of fire      |       |       |       |       |     1 |     1 |     1 ||     3
       Sack of spiders   |       |       |       |       |       |     3 |     2 ||     5
       Wand              |       |       |       |       |       |       |     6 ||     6
       Lightning rod     |       |       |       |       |       |       |     6 ||     6
  Use: Potion            |       |     8 |       |       |       |     3 |       ||    11
       Scroll            |       |     3 |    11 |     1 |    12 |    10 |     3 ||    40
 Stab: Sleeping          |     7 |     1 |     7 |    26 |    64 |    61 |    30 ||   196
       Distracted        |       |       |       |     1 |    12 |    11 |    11 ||    35
  Eat: Chunk             |     6 |     9 |    10 |    17 |    40 |    32 |    13 ||   127
       Ration            |       |       |       |       |     1 |     5 |     2 ||     8
Armor: Robe              |    31 |    14 |       |       |       |       |       ||    45
       Chain mail        |       |    19 |    79 |   102 |   217 |   302 |    65 ||   784
Dodge: Dodged            |    81 |    57 |   129 |   171 |   451 |   763 |   180 ||  1832
Block: Medium shield     |       |       |       |   165 |   587 |  1083 |   431 ||  2266
